 Dungeon Crawl Stone Soup version 0.28.0-43-g3370ac3207 (webtiles) character file.

Game seed: 7332197146057426353

4 Descartes the Charlatan (level 1, 0/9 HPs)
             Began as a Felid Wanderer on Mar 22, 2022.
             Slain by a kobold
             ... wielding a +0 short sword
              (3 damage)
             ... on level 1 of the Dungeon.
             The game lasted 00:00:49 (207 turns).

Descartes the Charlatan (Felid Wanderer)             Turns: 207, Time: 00:00:49

Health: 0/9        AC:  1    Str:  7    XL:     1   Next: 58%
Magic:  3/3        EV: 17    Int: 11    God:
Gold:   21         SH:  0    Dex: 18    Spells: 1/2 levels left
                                        Lives:  0   Deaths: 0

rFire   . . .      SeeInvis +     - Unarmed
rCold   . . .      Faith    .   (shield unavailable)
rNeg    . . .      Spirit   .   (armour unavailable)
rPois   .          Reflect  .   (helmet unavailable)
rElec   .          Harm     .   (cloak unavailable)
rCorr   .          Rampage  .   (gloves unavailable)
Will    .....                   (boots unavailable)
Stlth   ++........              (no amulet)
HPRegen 0.03/turn               (no ring)
MPRegen 0.08/turn               (no ring)

@: quick
A: very small, claws 1, fangs 3, see invisible, speed 1, shaggy fur 1, stealthy
paws, no weapons or thrown items, no armour, multi-lived
a: no special abilities


You were on level 1 of the Dungeon.
You visited 1 branch of the dungeon, and saw 1 of its levels.

You collected 21 gold pieces.

Inventory:

Scrolls
 a - a scroll of teleportation
 c - a scroll of identify {unknown}
Potions
 d - a potion of invisibility {unknown}
Miscellaneous
 b - a piece from Xom's chessboard (15/15)


   Skills:
 - Level 1.0 Fighting
 * Level 1.7 Dodging
 * Level 1.7 Stealth
 * Level 1.2 Unarmed Combat
 - Level 1.0 Spellcasting
 + Level 3.0 Hexes
 + Level 3.3 Evocations


You had one spell level left.
You knew the following spells:

 Your Spells              Type           Power      Damage    Failure   Level
a - Slow                  Hex            28%        N/A       10%         1

Your spell library contained the following spells:

 Spells                   Type           Power      Damage    Failure   Level
 Ensorcelled Hibernation  Hex/Ice        6%         N/A       26%         2
 Fulminant Prism          Conj/Hex       1%         3d6       86%         4


Dungeon Overview and Level Annotations

Branches:
Dungeon (1/15)

Altars:


Innate Abilities, Weirdness & Mutations

You have sharp claws.
You have razor-sharp teeth.
You have supernaturally acute eyesight. (SInv)
You cover ground quickly. (Speed+)
You are covered in fur. (AC +1)
Your paws help you pounce on unaware monsters.
You are incapable of wielding weapons or throwing items.
You cannot wear armour.
You gain extra lives every three experience levels.


Message History

A kobold comes into view. It is wielding a +0 short sword.
Found 15 bolts.
The kobold shouts!
The kobold misses you.
You barely miss the kobold. You bite the kobold.
The kobold is heavily wounded.
The kobold hits you with a +0 short sword.
Ouch! That really hurt!
You are too injured to fight recklessly!
You are too injured to fight recklessly!
You are too injured to fight recklessly!
You are too injured to fight recklessly!
You are too injured to fight recklessly!
You are too injured to fight recklessly!
You are too injured to fight recklessly!
You are too injured to fight recklessly!
You are too injured to fight recklessly!
You are too injured to fight recklessly!
You are too injured to fight recklessly!
A kobold is nearby!
You completely miss the kobold. Your bite misses the kobold.
The kobold is heavily wounded.
The kobold closely misses you.
You closely miss the kobold.
The kobold is heavily wounded.
The kobold hits you with a +0 short sword.
* * * LOW HITPOINT WARNING * * *
You closely miss the kobold.
The kobold is heavily wounded.
The kobold closely misses you.
You barely miss the kobold.
The kobold is moderately wounded.
The kobold closely misses you.
You miss the kobold.
The kobold is moderately wounded.
The kobold closely misses you.
You barely miss the kobold. The kobold closely misses you.
You closely miss the kobold.
The kobold hits you with a +0 short sword.
You die...

#......##....#.#.#######
#.#(...##....#.#........
#.##.#....###........... #
#.#.#..##.....#######
#.#...........# #.###..##.....#
#............## .##
####...#####K# ..# #..## #@#
#.# .#####..### #.# #.# ##
..........# #.# #.# #.
.#####..#.####.###########.###.
#..............#..........
#.#######.#.##............ #.
#.#.####.####.###. #.
######.#.##...####.# ##
#.....................#


You could see a kobold.

Vanquished Creatures
  An endoplasm (D:1)
  A goblin (D:1)
  A quokka (D:1)
  A frilled lizard (D:1)
4 creatures vanquished.

Notes
Turn   | Place    | Note
-------+----------+-------------------------------------------
     0 | D:1      | Descartes the Felid Wanderer began the quest for the Orb.
     0 | D:1      | Descartes set off with the following items: a scroll of
                  | teleportation, a piece from Xom's chessboard (15/15); and
                  | the following spell memorised: Slow; and the following
                  | spells available to memorise: Ensorcelled Hibernation,
                  | Fulminant Prism
     0 | D:1      | Reached XP level 1. HP: 9/9 MP: 3/3
   207 | D:1      | Slain by a kobold

Illustrated notes

Levels and vault maps discovered:
D:1:      lemuel_arrival_room, layout_loops_ring

Action                   || total
-------------------------++-------
Melee: Unarmed           ||    19
       Bite              ||     1
 Stab: Sleeping          ||     3
Dodge: Dodged            ||    14
